 Dungeon Crawl Stone Soup version 0.19-a0-1820-gbf060b2 (webtiles) character file.

370 GsBirdie the Basher (level 6, -1/76 HPs)
             Began as a Minotaur Berserker on Oct 6, 2016.
             Was a Believer of Trog.
             Slain by a quokka (2 damage)
             ... summoned by Eustachio
             ... on level 3 of the Dungeon.
             The game lasted 00:09:32 (3497 turns).

GsBirdie the Basher (Minotaur Berserker)            Turns: 3497, Time: 00:09:35

Health: -1/76      AC:  8    Str: 27    XL:     6   Next: 42%
Magic:  5/5        EV:  9    Int:  4    God:    Trog [**....]
Gold:   168        SH:  0    Dex: 11    Spells: 0 memorised, 5 levels left

rFire  . . .     SeeInvis .     a - +0 mace
rCold  . . .     Gourm    .     i - +0 chain mail
rNeg   . . .     Faith    .     (no shield)
rPois  .         Spirit   .     (helmet restricted)
rElec  .         Dismiss  .     (no cloak)
rCorr  .         Reflect  .     (no gloves)
MR     .....     Harm     .     (no boots)
Stlth  ..........               (no amulet)
                                (no ring)
                                (no ring)

@: berserking, very quick
A: retaliatory headbutt, horns 2
a: Berserk, Trog's Hand, Burn Spellbooks, Renounce Religion


You were on level 3 of the Dungeon.
You worshipped Trog.
Trog was pleased with you.
You were hungry.

You visited 1 branch of the dungeon, and saw 4 of its levels.

You collected 168 gold pieces.

Inventory:

Hand Weapons
 a - a +0 mace (weapon)
Armour
 i - a +0 chain mail (worn)
Jewellery
 h - an uncursed ring of positive energy {unknown}
 j - a cursed ring of loudness {unknown}
Scrolls
 b - a scroll of remove curse {unknown}
 f - 2 scrolls of teleportation {unknown}
 g - 4 scrolls of identify {unknown}
 q - a scroll of fog {unknown}
Potions
 d - 3 potions of curing {unknown}
 e - 2 potions of might {unknown}
 l - a potion of flight {unknown}
 m - 2 potions of magic {unknown}
 n - a potion of cure mutation {unknown}
Comestibles
 c - a bread ration
 k - a beef jerky
 p - 2 slices of pizza


   Skills:
 - Level 3.6 Fighting
 * Level 8.8 Maces & Flails
 - Level 2.4 Armour
 - Level 2.1 Dodging


You had 5 spell levels left.
You didn't know any spells.

Dungeon Overview and Level Annotations

Branches:
Dungeon (4/15)
 Temple: D:4-7

Altars:
Gozag
Okawaru
Vehumet

Annotations:
D:3 Eustachio


Innate Abilities, Weirdness & Mutations

You reflexively headbutt those who attack you in melee.
You have a pair of horns on your head.


Message History

You are too injured to fight recklessly!
You are too injured to fight recklessly!
You hit Eustachio but do no damage.
Eustachio is almost dead.
The quokka bites you.
* * * LOW HITPOINT WARNING * * *
The white imp gestures at you. The puff of frost hits you!
* * * LOW HITPOINT WARNING * * *
Eustachio barely misses you.
The river rat bites you but does no damage.
The quokka barely misses you.
A red film seems to cover your vision as you go berserk!
You feel yourself moving faster!
You feel mighty!
You are feeling hungry.
The white imp barely misses you. You furiously retaliate!
You headbutt the white imp!
Eustachio zaps a wand.
The puff of flame hits you!
* * * LOW HITPOINT WARNING * * *
The quokka bites you.
You die...

#....).#......# #..####.#
#.#.####.###### #...>...#
#.#.####.##########.######
#.#......#......# #.#
#.########.####.# #.# #.#
##......# #.# #.#
#..[.#..# #.#
#.#######..#.#[r###5#
#..........#.(>r@@5r#
##########.....5#####
#.###.## #.....# #######


You could see Eustachio, a quasit, 2 river rats, a white imp, a shadow imp and a
quokka.

Vanquished Creatures
  An ogre (D:4)
  3 orc priests (D:3)
  2 orc wizards (D:3)
  Terence (D:3)
  An adder (D:3)
  2 dart slugs
  3 leopard geckos
  22 orcs
  A ball python (D:3)
  4 bats
  6 giant cockroaches
  2 goblins
  7 hobgoblins
  8 jackals
  5 frilled lizards
  6 kobolds
  6 rats
80 creatures vanquished.

Notes
Turn   | Place    | Note
-------+----------+-------------------------------------------
     0 | D:1      | GsBirdie the Minotaur Berserker began the quest for the Orb.
     0 | D:1      | Reached XP level 1. HP: 19/19 MP: 0/0
   409 | D:1      | Reached skill level 4 in Maces & Flails
   486 | D:1      | Reached XP level 2. HP: 26/26 MP: 1/1
   534 | D:1      | Found an iron altar of Okawaru.
   668 | D:1      | Reached skill level 5 in Maces & Flails
   956 | D:1      | Reached XP level 3. HP: 31/31 MP: 2/2
  1181 | D:2      | Reached ** piety under Trog
  1210 | D:2      | Found a radiant altar of Vehumet.
  1451 | D:2      | Found an opulent altar of Gozag.
  1602 | D:3      | Reached skill level 6 in Maces & Flails
  1602 | D:3      | Reached XP level 4. HP: 37/39 MP: 3/3
  1619 | D:3      | Reached skill level 7 in Maces & Flails
  1619 | D:3      | Reached XP level 5. HP: 16/45 MP: 4/4
  2188 | D:3      | Noticed Terence
  2195 | D:3      | Killed Terence
  2460 | D:3      | Reached skill level 8 in Maces & Flails
  2985 | D:4      | Noticed Eustachio
  2985 | D:4      | Noticed an ogre
  2992 | D:4      | Killed an ogre
  2992 | D:4      | Reached XP level 6. HP: 40/51 MP: 5/5
  3497 | D:3      | HP: 1/76 [Eustachio/wand of flame (3)]
  3497 | D:3      | Slain by a quokka

Vault maps used:
D:1:      elethiomel_arrival_quiet, grunt_decor_cap, okawaru_ov_weapons_minmay
D:2:      vehumet_crystals, lemuel_coloured_pillars_altar, first_bread
D:3:      uniq_terence
D:4:      nicolae_ru_path_of_blood, uniq_crazy_yiuf_cottage, uniq_eustachio

Skill      XL: |  1  2  3  4  5 |
---------------+----------------+-----
Maces & Flails | 4 5 6 7 8 |  8.8
Fighting       | |  3.6
Armour         | |  2.4
Dodging        | |  2.1

Action                   |  1- 3 |  4- 6 || total
-------------------------+-------+-------++-------
Melee: Mace              |    64 |   100 ||   164
       Headbutt          |     5 |    18 ||    23
Invok: Trog's Hand       |     1 |     4 ||     5
       Berserk           |     1 |     2 ||     3
  Eat: Chunk             |     2 |     5 ||     7
       Bread ration      |       |     1 ||     1
Armor: Animal skin       |     7 |       ||     7
       Chain mail        |    21 |    66 ||    87
Dodge: Dodged            |    33 |    63 ||    96
